AoeStats
← drloving3

Arabia

509746806Analyzed
1v1 RM · 3d ago on Sep 27, 2026· 40m 53s· 2 players
Game mode
Random Map
Map size
Tiny (2 player)
Population
200
Speed
Normal
Resources
Standard
Victory
Conquest
Starting age
Dark Age
Ending age
Imperial Age
RankedLock teamsTeams togetherTeam positionsShared explorationLock speedFull tech treeHidden civsTurbo modeCheats
Victory
Defeat
🇺🇸 Danes · United States
1129
+15
🇩🇪 Byzantines · Germany
1104
-15
Dinotrex5989
8:05 Loom
10:21 Feudal Age
11:20 Double-Bit Axe
14:17 Horse Collar
14:42 Padded Archer Armor
15:51 Fletching
20:31 Gold Mining
23:23 Castle Age
23:32 Crossbowman
24:59 Bodkin Arrow
28:57 Wheelbarrow
36:38 Ballistics
39:30 Thumb Ring
drloving3
6:20 Loom
9:32 Feudal Age
9:46 Man-at-Arms
11:11 Arson
11:37 Double-Bit Axe
12:30 Horse Collar
20:15 Wheelbarrow
23:12 Castle Age
22:05 Scale Mail Armor
22:27 Gold Mining
22:43 Fletching
24:10 Chain Mail Armor
23:43 Gambesons
23:40 Long Swordsman
31:49 Squires
38:57 Imperial Age
39:07 Hand Cart
40:30 Plate Mail Armor
40:06 Elite Varangian Guard
Connection lost

Rejoining the realm…

Still unreachable

The connection could not be restored.

Session expired

The server has moved on; the page needs a fresh start.